 Dungeon Crawl Stone Soup version 0.30.0-29-ga12c61a403 (webtiles) character file.

Game seed: 8486519168328890300

127 Woods the Sneak (level 4, -5/20 HPs)
             Began as a Felid Transmuter on June 14, 2023.
             Killed from afar by Natasha (7 damage)
             ... with a magic dart
             ... on level 3 of the Dungeon on June 25, 2023.
             The game lasted 00:09:28 (2621 turns).

Woods the Sneak (Felid Transmuter)                  Turns: 2621, Time: 00:09:29

Health: -5/20      AC:  1    Str:  8    XL:     4   Next: 85%
Magic:  8/8        EV: 18    Int: 14    God:
Gold:   128        SH:  0    Dex: 16    Spells: 6/7 levels left
                                        Lives:  0   Deaths: 1

rFire   . .          .
                       - Unarmed
rCold   . . .        (shield unavailable)
rNeg    . . .        (body armour unavailable)
rPois   .            (helmet unavailable)
rElec   .            (cloak unavailable)
rCorr   .            (gloves unavailable)
SInv    +            (boots unavailable)
Will    .....        (no amulet)
Stlth   +++          (no ring)
HPRegen 0.23/turn    (no ring)
MPRegen 0.11/turn

%: no passive effects
@: appendages (expiring), quick
A: horns 2, very small, claws 1, fangs 3, see invisible, speed 1, shaggy fur 1,
stealthy paws, no weapons or thrown items, no armour, multi-lived
a: End Transformation


You were on level 3 of the Dungeon.
You had temporarily grown beastly horns.
You visited 1 branch of the dungeon, and saw 4 of its levels.

You collected 128 gold pieces.

Inventory:

Scrolls
 c - 4 scrolls of identify {unknown}
 e - a scroll of immolation {unknown}
 h - a scroll of magic mapping {unknown}
 i - a scroll of enchant armour {unknown}
 k - a scroll of teleportation {unknown}
Potions
 a - a potion of lignification
 b - 2 potions of degeneration {unknown}
 d - a potion of might {unknown}
 f - 2 potions of haste {unknown}
 g - a potion of curing {unknown}
 j - a potion of experience {unknown}


   Skills:
 + Level 2.3 Fighting
 + Level 4.0 Dodging
 * Level 4.5 Stealth
 + Level 3.7 Unarmed Combat
 - Level 2.0 Spellcasting
 - Level 2.1 Transmutations


You had 6 spell levels left.
You knew the following spells:

 Your Spells              Type           Power      Damage    Failure   Level
a - Beastly Appendage     Tmut           14%        N/A       10%         1

Your spell library contained the following spells:

 Spells                   Type           Power      Damage    Failure   Level
 Wereblood                Tmut           7%         N/A       14%         2
 Spider Form              Tmut/Pois      4%         N/A       41%         3
 Ice Form                 Ice/Tmut       4%         N/A       83%         4


Dungeon Overview and Level Annotations

Branches:
Dungeon (4/15)
 Temple: D:4-7

Altars:

Annotations:
D:3 Grinder, Jessica, Natasha


Innate Abilities, Weirdness & Mutations

You have temporarily grown beastly horns.
You have sharp claws.
You have razor-sharp teeth.
You have supernaturally acute eyesight. (SInv)
You cover ground quickly. (Speed+)
You are covered in fur. (AC +1)
Your paws help you pounce on unaware monsters.
You are incapable of wielding weapons or throwing items.
You cannot wear armour.
You gain extra lives every three experience levels.


Message History

Natasha, Servant of Life and Death comes into view.
Sorry, you're not good enough to have a special ability.
Casting: Beastly Appendage (safe; 10% risk of failure)
Press: ? - help, Q - select action Dir - look around, f - activate You grow a pair of large bovine horns.
You scratch Natasha. Your bite misses Natasha.
Natasha is lightly wounded.
Natasha misses you.
You scratch Natasha but do no damage. You headbutt Natasha, but do no damage.
Natasha is lightly wounded.
Natasha closely misses you.
You closely miss Natasha.
Natasha is lightly wounded.
Natasha claws you.
You scratch Natasha but do no damage. Your headbutt misses Natasha.
Natasha is lightly wounded.
Your transformation is almost over.
Natasha completely misses you.
You barely miss Natasha. You headbutt Natasha.
Natasha is moderately wounded.
Natasha claws you.
You scratch Natasha. Your bite misses Natasha.
Natasha is severely wounded.
Natasha claws you!
Ouch! That really hurt!
* * * LOW HITPOINT WARNING * * *
You closely miss Natasha. Your headbutt misses Natasha.
Natasha is severely wounded.
Natasha closely misses you.
You barely miss Natasha. Your bite misses Natasha.
Natasha is severely wounded.
Natasha misses you.
You scratch Natasha but do no damage.
Natasha is severely wounded.
Natasha completely misses you.
You closely miss Natasha.
Natasha is severely wounded.
Natasha stares at you and mumbles some strange words.
The magic dart hits you!
You die...

#.....+..>#......##.....#
#########'#######...##...##.....#
..........# #...#........#.....#
......##### ###.#.##............
......# #...##............
......# #..##.............
......# ##..##.###.........
......#########..##..# ##........
..............#h@#..## ###......
....<..............## ##....#..
###..#.†......##.########.....##.
##..).......##...............##
###........######..........#.#
#........# ##.........#..
##........#######.........#.#
#...............#.........#.#
##)#######.................#.#


You could see Natasha.

Vanquished Creatures
  Natasha (twice) (D:3)
  5 adders
  3 gnolls
  A worm (D:2)
  5 bats (D:1)
  3 endoplasms (D:1)
  3 giant cockroaches
  4 goblins
  7 hobgoblins
  5 kobolds
  3 quokkas
  2 ball pythons (D:1)
  5 frilled lizards
  4 rats
52 creatures vanquished.

Notes
Turn   | Place    | Note
-------+----------+-------------------------------------------
     0 | D:1      | Woods the Felid Transmuter began the quest for the Orb.
     0 | D:1      | Reached XP level 1. HP: 9/9 MP: 4/4
   125 | D:1      | Reached skill level 1 in Stealth
   192 | D:1      | Reached XP level 2. HP: 12/12 MP: 6/6
   193 | D:1      | Found a faded altar of an unknown god.
   770 | D:2      | Reached XP level 3. HP: 9/15 MP: 7/7
  1582 | D:3      | Reached XP level 4. HP: 11/19 MP: 8/8
  1642 | D:3      | Noticed Natasha
  1679 | D:3      | Succumbed to an adder's poison
  1680 | D:3      | Reached XP level 3. HP: -1/16 MP: 7/7
  1762 | D:3      | Noticed Grinder
  2090 | D:3      | Reached XP level 4. HP: 1/19 MP: 8/8
  2386 | D:3      | Killed Natasha
  2512 | D:3      | Noticed Natasha
  2523 | D:3      | Killed Natasha
  2560 | D:3      | Noticed Jessica
  2609 | D:3      | Noticed Natasha
  2617 | D:3      | HP: 1/20 [Natasha (10)]
  2621 | D:3      | Killed from afar by Natasha

Illustrated notes

Levels and vault maps discovered:
D:1:      kilobyte_arrival_exit_the_forest, layout_rooms,
          basic_ecumenical_altar, minmay_cut_off
D:2:      layout_basic
D:3:      layout_rooms, nicolae_gozag_seed_capital, minmay_misc_feat_encased,
          minmay_parallelograms, serial_park_tiny_pond, uniq_grinder,
          uniq_natasha, uniq_jessica
D:4:      layout_rooms, minmay_temple_entry_ruins

Skill      XL: |  1  2  3  4 |
---------------+-------------+-----
Stealth        | 1 2 3 4 |  4.5
Dodging        | 3 4 |  4.0
Fighting       | 2 |  2.3
Unarmed Combat | |  3.7
Spellcasting   | |  2.0
Transmutations | |  2.1

Action                     |  1- 3 |  4- 6 || total
---------------------------+-------+-------++-------
  Melee: Unarmed           |   147 |    45 ||   192
         Bite              |    17 |     5 ||    22
         Headbutt          |     4 |     4 ||     8
         Punch             |     3 |     1 ||     4
   Cast: Beastly Appendage |     3 |     5 ||     8
    Use: Potion            |       |     1 ||     1
   Stab: Sleeping          |     3 |       ||     3
 Armour: Skin              |     8 |     1 ||     9
  Dodge: Dodged            |   148 |    26 ||   174
